 Dungeon Crawl Stone Soup version 0.28.0-45-g0d030f2227 (webtiles) character file.

Game seed: 1769717974352457362

20 NinjaNoafa the Skirmisher (level 2, -1/27 HPs)
             Began as a Hill Orc Fighter on Apr 5, 2022.
             Was a Believer of Elyvilon.
             Slain by a worm (5 damage)
             ... on level 2 of the Dungeon.
             The game lasted 00:01:53 (657 turns).

NinjaNoafa the Skirmisher (Hill Orc Fighter)         Turns: 657, Time: 00:01:53

Health: -1/27      AC:  6    Str: 18    XL:     2   Next: 79%
Magic:  2/2        EV:  9    Int:  8    God:    Elyvilon [**....]
Gold:   0          SH:  4    Dex: 10    Spells: 1/1 levels left

rFire   . . .      SeeInvis .   a - +0 war axe
rCold   . . .      Faith    .   c - +0 buckler
rNeg    . . .      Spirit   .   b - +0 scale mail
rPois   .          Reflect  .   (no helmet)
rElec   .          Harm     .   (no cloak)
rCorr   .          Rampage  .   (no gloves)
Will    .....                   (no boots)
Stlth   ..........              (no amulet)
HPRegen 0.09/turn               (no ring)
MPRegen 0.08/turn               (no ring)

@: no status effects
A: no striking features
a: Renounce Religion, Purification, Heal Other


You were on level 2 of the Dungeon.
You worshipped Elyvilon.
Elyvilon was pleased with you.
You visited 1 branch of the dungeon, and saw 2 of its levels.

Inventory:

Hand Weapons
 a - a +0 war axe (weapon)
Armour
 b - a +0 scale mail (worn)
 c - a +0 buckler (worn)
Magical Staves
 e - a staff of poison
Jewellery
 i - a +4 ring of evasion
Scrolls
 f - a scroll of fear {unknown}
 h - a scroll of vulnerability {unknown}
 j - a scroll of noise {unknown}
 k - a scroll of identify {unknown}
Potions
 d - 2 potions of might
 g - a potion of mutation {unknown}


   Skills:
 + Level 3.7 Fighting
 - Level 2.6 Axes
 + Level 3.4 Armour
 + Level 3.4 Shields
 * Level 1.0 Poison Magic
 * Level 1.1 Evocations


You had one spell level left.
You didn't know any spells.
Your spell library was empty.

Dungeon Overview and Level Annotations

Branches:
Dungeon (1/15)

Altars:
Elyvilon
Vehumet


Message History

The jackal bites you but does no damage.
The ball python bites you.
* * * LOW HITPOINT WARNING * * *
The ball python constricts you. The rat bites you.
* * * LOW HITPOINT WARNING * * *
You closely miss the jackal. You hit the jackal. You hit the ball python.
You slash the rat!
You kill the rat!
You slash the jackal!
You kill the jackal!
You block the jackal's attack. x3; The ball python barely misses you.
The ball python constricts you. The jackal closely misses you.
Your Poison Magic skill increases to level 1!
You closely miss the jackal.
The jackal is almost dead.
You hit the ball python.
You kill the ball python!
You closely miss the jackal. The jackal completely misses you.
The jackal bites you.
* * * LOW HITPOINT WARNING * * *
The jackal bites you but does no damage.
The jackal bites you.
* * * LOW HITPOINT WARNING * * *
The jackal closely misses you.
You slash the jackal!
You kill the jackal!
You barely miss the jackal. The jackal misses you.
You block the jackal's attack.
You barely miss the jackal.
The jackal is almost dead.
The jackal barely misses you. The jackal closely misses you.
You slash the jackal!
You kill the jackal!
You hit the worm.
The worm is lightly wounded.
The worm bites you but does no damage.
You hit the worm but do no damage.
The worm is lightly wounded.
The worm bites you.
You die...

_. ######
....##### ......
........###...#..
... #..........
#..#..†......
...#...@†......
...#....†.w......
#. ####..........
#..........
#.>........
...........
............
.............


You could see a worm.

Vanquished Creatures
  An endoplasm (D:1)
  3 hobgoblins
  4 jackals (D:2)
  2 quokkas (D:1)
  A ball python (D:2)
  3 bats (D:1)
  2 frilled lizards (D:1)
  A goblin (D:1)
  2 rats
19 creatures vanquished.

Notes
Turn   | Place    | Note
-------+----------+-------------------------------------------
     0 | D:1      | NinjaNoafa the Hill Orc Fighter began the quest for the
                  | Orb.
     0 | D:1      | Reached XP level 1. HP: 19/19 MP: 1/1
    43 | D:1      | Found a faded altar of an unknown god.
    52 | D:1      | Prayed at the altar of an unknown god.
    52 | D:1      | Became a worshipper of Elyvilon the Healer
    52 | D:1      | Reached * piety under Elyvilon
   218 | D:1      | Reached XP level 2. HP: 14/27 MP: 2/2
   602 | D:1      | Reached ** piety under Elyvilon
   633 | D:1      | You fall into a shaft and drop 1 floor!
   633 | D:2      | Found a radiant altar of Vehumet.
   647 | D:2      | Reached skill level 1 in Evocations
   652 | D:2      | Reached skill level 1 in Poison Magic
   657 | D:2      | Slain by a worm

Illustrated notes

Levels and vault maps discovered:
D:1:      mushboom_english_gardens, layout_rooms, ebering_ecumenical_altar_box
D:2:      layout_rooms, basic_altar, serial_bayou, serial_bayou_lagoon_b,
          serial_bayou_shore_b, serial_bayou_shore_b, serial_bayou_shore_b

Skill      XL: |  1  2 |
---------------+-------+-----
Evocations     | 1 |  1.1
Poison Magic   | 1 |  1.0
Fighting       | |  3.7
Axes           | |  2.6
Armour         | |  3.4
Shields        | |  3.4

Action                   || total
-------------------------++-------
Melee: Staff             ||    45
       War axe           ||     7
Armor: Scale mail        ||    40
Dodge: Dodged            ||    35
Block: Buckler           ||    25
